 Dungeon Crawl Stone Soup version 0.16-a0-3909-g31f9ca0 (webtiles) character file.

93 Eptagon the Insei (level 4, 0/29 HPs)
             Began as an Octopode Transmuter on Feb 3, 2015.
             Killed from afar by an orc wizard (5 damage)
             ... with a puff of flame
             ... on level 3 of the Dungeon.
             The game lasted 00:06:08 (1803 turns).

Eptagon the Insei (Octopode Transmuter)             Turns: 1803, Time: 00:06:09

Health: 0/29       AC:  1    Str:  9    XL:     4   Next: 61%
Magic:  8/8        EV: 13    Int: 15    God:
Gold:   134        SH:  0    Dex: 13    Spells: 1 memorised, 7 levels left

rFire  . . .     SeeInvis .       - Unarmed
rCold  . . .     Clarity  .     (no shield)
rNeg   . . .     SustAb   .     (helmet restricted)
rPois  .         Gourm    .     (no amulet)
rElec  .         Spirit   .     (no ring)
rCorr  .         Warding  .     (no ring)
rMut   .         Stasis   .     (no ring)
MR     .....                    (no ring)
Stlth  ++........               (no ring)
                                (no ring)
                                (no ring)
                                (no ring)

@: not resistant to hostile enchantments, unstealthy
A: almost no armour, amphibious, 8 rings, constrict 8, camouflage 1, gelatinous
body 1
a: no special abilities


You were on level 3 of the Dungeon.
You were not hungry.

You visited 1 branch of the dungeon, and saw 3 of its levels.

You collected 134 gold pieces.

Inventory:

Missiles
 b - 12 arrows
Scrolls
 f - 2 scrolls of remove curse {unknown}
 g - 3 scrolls of identify {unknown}
 i - a scroll of enchant armour {unknown}
 n - 2 scrolls of teleportation {unknown}
 o - a scroll of random uselessness {unknown}
 p - a scroll of immolation {unknown}
Potions
 c - 2 potions of curing {unknown}
 e - a potion of cancellation {unknown}
 h - a potion of resistance {unknown}
 k - 2 potions of restore abilities {unknown}
 l - a potion of heal wounds {unknown}
 q - a potion of cure mutation {unknown}
Books
 d - a book of Changes

   Spells                             Type                      Level
   a - Beastly Appendage              Transmutation                1
   b - Sticks to Snakes               Transmutation                2
   c - Spider Form                    Transmutation/Poison         3
   d - Ice Form                       Ice/Transmutation            4
   e - Blade Hands                    Transmutation                5
Comestibles
 a - a bread ration
 j - a royal jelly
 m - a meat ration


   Skills:
 + Level 1.9 Fighting
 + Level 2.9 Dodging
 + Level 3.6 Unarmed Combat
 + Level 2.5 Spellcasting
 + Level 2.5 Transmutations


You had 7 spell levels left.
You knew the following spells:

 Your Spells              Type           Power        Failure   Level  Hunger
a - Beastly Appendage     Trmt           #.....       10%         1    #......


Dungeon Overview and Level Annotations

Branches:
Dungeon (3/15)

Altars:

Annotations:
D:2 exclusion: adder


Innate Abilities, Weirdness & Mutations

You cannot wear most types of armour.
You are amphibious.
You can wear up to eight rings at the same time.
You can use your tentacles to constrict many enemies at once.
Your skin changes colour to match your surroundings (Stealth).
Your rubbery body absorbs attacks (AC +1).


Message History

The puff of frost misses you.
You barely miss something.
The orc shouts!
Something hits you.
You miss something.
You swing at nothing.
Something hits you.
You tentacle-slap the orc. Your grab misses the orc.
The orc is heavily wounded.
The orc closely misses you. Something hits you.
* * * LOW HITPOINT WARNING * * *
You tentacle-slap the orc. You grab the orc.
The orc is almost dead.
You constrict the orc.
You kill the orc!
Something hits you.
* * * LOW HITPOINT WARNING * * *
You miss something. Your squeeze misses something.
You hear some strange, mumbled words.
The puff of flame hits you!
You die... r{. .oo

.^. ##.## ###...##
...... #.?.
################
#.###@.....<........
#...#)##############
#.....# #...#.#
##.##.# #.##.#
..##.# #####.# #.#


There were no monsters in sight!

Vanquished Creatures
  4 gnolls (D:2)
  2 worms (D:2)
  2 giant geckos
  An orc (D:3)
  8 bats
  5 goblins
  4 hobgoblins
  3 kobolds
  2 quokkas (D:2)
  2 ball pythons
  A giant cockroach (D:1)
  2 giant newts
  3 jackals (D:1)
  6 rats
45 creatures vanquished.

Notes
Turn   | Place    | Note
--------------------------------------------------------------
     0 | D:1      | Eptagon, the Octopode Transmuter, began the quest for the Orb.
     0 | D:1      | Reached XP level 1. HP: 13/13 MP: 3/3
   143 | D:1      | Reached XP level 2. HP: 16/18 MP: 4/4
   608 | D:1      | Reached XP level 3. HP: 17/23 MP: 6/6
  1127 | D:2      | Reached XP level 4. HP: 13/29 MP: 8/8
  1803 | D:3      | Killed from afar by an orc wizard

Action                   |  1- 3 |  4- 6 || total
-------------------------+-------+-------++-------
Melee: Unarmed           |    75 |    32 ||   107
 Stab: Sleeping          |     3 |       ||     3
  Eat: Chunk             |     1 |     2 ||     3
